Map: Orbital Shipyard

Players

NXZ - Winner!

  • Race: Zerg Zerg

PSiArcYanmoo (PSiArc)

  • Race: Terran Terran
  • League: Grandmaster

Event: NationWars III

VOD

Have the link to the VOD?

Description

Time

  • Played on: Nov. 21, 2015, 1:29 p.m.
  • Length: 13:15
Show
View Real Time Build Order
Export as new Build Order

NXZ Zerg - Winner!

Build Orders: Hatch First 

Get SALT Encoding   

  12  0:01  Drone  
  13  0:13  Overlord  
  13  0:17  Drone  
  14  0:32  Drone x2  
  17  0:35  Drone  
  17  0:52  Hatchery  
  17  0:55  Drone  
  17  0:57  Drone  
  17  1:00  Extractor  
  17  1:07  Drone  
  18  1:15  Spawning Pool  
  17  1:19  Drone  
  18  1:29  Drone  
  19  1:40  Overlord  
  19  2:02  Metabolic Boost, Queen  
  19  2:03  Zergling x4  
  19  2:04  Queen  
  19  2:05  Zergling x2  
  26  2:12  Drone  
  26  2:15  Drone  
  29  2:22  Drone  
  29  2:27  Drone  
  30  2:35  Overlord  
  30  2:39  Drone  
  30  2:40  Queen  
  33  2:44  Drone  
  33  2:50  Overlord  
  34  2:54  Overlord  
  34  2:58  Drone  
  35  3:06  Drone  
  36  3:14  Drone x7  
  43  3:21  Drone  
  44  3:30  Overlord  
  44  3:34  Hatchery  
  44  3:36  Drone  
  44  3:42  Drone  
  44  3:43  Roach Warren  
  44  3:47  Drone x2  
  46  3:53  Drone x4  
  46  3:55  Drone  
  51  3:57  Drone  
  51  4:01  Overlord  
  52  4:04  Drone  
  52  4:06  Lair  
  52  4:08  Extractor  
  52  4:10  Extractor  
  51  4:19  Evolution Chamber x2  
  49  4:27  Roach x3  
  49  4:28  Roach x3  
  49  4:29  Drone  
  62  4:31  Drone  
  62  4:32  Drone  
  62  4:34  Drone  
  65  4:39  Overlord  
  65  4:43  Drone  
  66  4:46  Queen  
  66  4:51  Zerg Missile Weapons Level 1  
  66  4:52  Zerg Ground Armor Level 1  
  67  5:01  Drone x6  
  67  5:03  Drone  
  67  5:05  Drone  
  75  5:07  Glial Reconstitution  
  75  5:08  Overseer  
  75  5:10  Drone  
  75  5:14  Overlord  
  76  5:15  Drone  
  76  5:16  Drone  
  76  5:20  Overlord  
  78  5:25  Overseer  
  78  5:30  Drone x3  
  78  5:32  Overlord  
  78  5:35  Extractor  
  79  5:37  Extractor  
  79  5:41  Drone x3  
  79  5:42  Drone x3  
  84  5:46  Roach x3  
  90  5:52  Roach x2  
  91  5:58  Roach x4  
  85  6:06  Roach x5  
  85  6:08  Roach  
  87  6:18  Roach x4  
  89  6:27  Drone x2  
  89  6:28  Queen  
  93  6:42  Roach x2  
  93  6:44  Overlord x4  
  97  7:00  Roach  
  97  7:03  Roach  
  97  7:04  Roach x7  
  113  7:10  Roach x3  
  113  7:14  Queen  
  113  7:15  Overlord x2  
  121  7:17  Hatchery  
  121  7:21  Pneumatized Carapace  
  116  7:23  Drone x5  
  116  7:28  Drone  
  122  7:35  Ravager x2  
  122  7:40  Drone x2  
  122  7:41  Drone  
  122  7:42  Drone x6  
  131  7:45  Overlord  
  131  7:50  Overlord  
  129  7:57  Roach x2  
  129  7:58  Roach x2  
  137  8:18  Roach  
  137  8:19  Roach x8  
  153  8:26  Zerg Missile Weapons Level 2  
  141  8:30  Drone x3  
  141  8:31  Drone x4  
  148  8:39  Zerg Ground Armor Level 2, Extractor  
  148  8:40  Overlord x3  
  147  8:43  Extractor  
  147  8:46  Spore Crawler  
  145  8:51  Drone x3  
  145  8:52  Drone x3  
  145  8:53  Spine Crawler  
  150  8:56  Queen  
  150  8:58  Drone x2  
  150  8:59  Drone, Extractor  
  150  9:01  Ravager x5  
  159  9:03  Roach x3  
  165  9:10  Roach  
  165  9:11  Roach x3  
  165  9:13  Overlord  
  173  9:22  Roach x5  
  179  9:29  Roach  
  179  9:30  Roach x2  
  179  9:31  Overlord x2  
  183  9:38  Spore Crawler  
  182  9:42  Hydralisk Den  
  182  9:43  Drone x7  
  188  9:59  Roach x6  
  196  10:21  Roach x3  
  198  10:25  Muscular Augments  
  186  10:41  Hydralisk x11  
  186  10:42  Hydralisk x5  
  190  10:46  Hydralisk x5  
  173  10:53  Hydralisk x3  
  173  10:54  Hydralisk  
  161  11:02  Roach x2  
  153  11:12  Roach x4  
  153  11:15  Roach x2  
  163  11:19  Extractor  
  163  11:20  Roach x2  
  166  11:27  Roach  
  166  11:28  Roach  
  166  11:30  Roach x3  
  166  11:32  Roach x8  
  192  11:39  Infestation Pit  
  191  11:41  Roach x2  
  191  11:44  Roach x2  
  199  11:47  Overseer  
  199  12:02  Ravager  
  199  12:05  Hatchery  
  197  12:21  Ravager x3  
  170  12:51  Roach x20  
Show
View Real Time Build Order
Export as new Build Order

PSiArcYanmoo Terran 

Build Orders: Reaper Expand, MMM Bio 

Get SALT Encoding   

  12  0:00  SCV  
  13  0:13  SCV  
  14  0:17  Supply Depot  
  14  0:25  SCV  
  15  0:39  SCV  
  15  0:40  Barracks  
  16  0:43  Refinery  
  16  0:51  SCV  
  17  1:03  SCV  
  18  1:15  SCV  
  19  1:28  Reaper, Orbital Command  
  20  1:40  Command Center  
  20  1:50  Supply Depot  
  20  1:54  SCV  
  20  2:00  Marine  
  22  2:06  SCV  
  23  2:14  Factory  
  23  2:18  SCV  
  24  2:30  SCV  
  24  2:37  Barracks Reactor  
  25  2:42  SCV  
  25  2:44  Barracks  
  26  2:45  Barracks  
  26  2:55  SCV  
  26  2:56  Orbital Command  
  27  3:03  Refinery  
  27  3:07  SCV  
  28  3:19  SCV, Hellion x2, Supply Depot  
  33  3:22  SCV  
  33  3:23  Barracks Tech Lab  
  34  3:31  SCV  
  34  3:32  Barracks Reactor x2  
  35  3:36  SCV  
  35  3:40  Hellion x2  
  40  3:43  SCV  
  40  3:47  Marine  
  40  3:48  Stimpack  
  42  3:49  SCV  
  42  3:55  SCV, Supply Depot  
  43  4:01  SCV  
  44  4:04  Supply Depot  
  44  4:05  Starport  
  44  4:09  Marine x5  
  49  4:11  SCV  
  49  4:12  Factory Reactor  
  49  4:13  SCV  
  51  4:23  SCV  
  52  4:27  SCV, Supply Depot, Marine x2  
  52  4:30  Marine  
  52  4:31  Marine  
  57  4:32  Marine  
  59  4:38  SCV  
  59  4:39  SCV  
  59  4:42  Medivac  
  59  4:44  Marine  
  59  4:45  Medivac  
  65  4:48  Marine x3  
  65  4:50  SCV  
  65  4:51  SCV  
  65  4:52  Supply Depot  
  70  4:59  Marine  
  71  5:02  SCV  
  71  5:03  SCV  
  73  5:07  Command Center  
  73  5:12  Widow Mine, Marine x2  
  73  5:13  Widow Mine  
  79  5:15  Supply Depot  
  79  5:24  SCV, Marine  
  79  5:25  SCV  
  79  5:26  Medivac  
  79  5:28  Refinery  
  84  5:29  Refinery  
  84  5:30  Supply Depot, Marine x2  
  86  5:37  SCV, Medivac  
  86  5:42  SCV  
  90  5:44  Widow Mine, Marine x2  
  94  5:51  Widow Mine  
  94  5:52  SCV  
  94  5:54  SCV  
  95  6:03  Marine x3  
  95  6:04  SCV, Marauder, Medivac, Marine  
  95  6:08  SCV  
  95  6:11  Engineering Bay  
  97  6:12  Engineering Bay  
  97  6:23  SCV x2  
  97  6:24  Marine x3  
  98  6:25  Combat Shields  
  98  6:26  Orbital Command  
  98  6:34  Supply Depot  
  98  6:38  SCV  
  98  6:39  Supply Depot  
  99  6:40  Marine x2  
  99  6:41  Orbital Command  
  101  6:48  Barracks  
  101  6:49  Terran Infantry Weapons Level 1, Barracks  
  101  6:50  Terran Infantry Armor Level 1  
  101  6:53  Factory Tech Lab  
  101  6:57  Marine x3  
  101  6:58  Marine  
  102  7:06  Marine  
  102  7:07  SCV  
  104  7:14  Marine  
  103  7:21  SCV  
  103  7:22  SCV, Marine x2  
  103  7:23  SCV, Siege Tank  
  103  7:24  Marauder  
  103  7:27  Marine  
  103  7:29  Medivac x2  
  115  7:33  SCV  
  115  7:34  Marine  
  115  7:44  Marine x3  
  116  7:46  Barracks Tech Lab  
  116  7:49  SCV  
  117  7:52  SCV  
  117  7:54  Marine x2  
  117  7:55  Marauder  
  117  7:56  SCV  
  117  7:58  Siege Tank, Marine  
  127  7:59  Refinery  
  127  8:01  SCV  
  127  8:02  Marine  
  123  8:15  Marine  
  123  8:16  Marine x4  
  123  8:17  Marauder  
  123  8:18  Medivac  
  123  8:19  Marine  
  133  8:21  Supply Depot x2  
  133  8:22  Supply Depot, Marine  
  133  8:24  Medivac  
  134  8:29  Armory  
  134  8:31  SCV  
  134  8:32  Refinery  
  134  8:33  Command Center  
  133  8:35  Marine x2  
  133  8:36  Barracks, Marine  
  133  8:37  Marine  
  133  8:38  Barracks  
  133  8:39  Barracks  
  137  8:42  Marine x2  
  137  8:43  Siege Tank, Marauder x2  
  146  8:53  Marine x2  
  146  8:54  Marine  
  147  8:58  Marine  
  147  9:00  Marine  
  149  9:04  SCV  
  149  9:08  Supply Depot  
  149  9:09  Supply Depot  
  150  9:15  Siege Tank  
  152  9:27  Marine x3  
  152  9:28  Barracks Reactor, Barracks Tech Lab  
  152  9:29  Barracks Reactor  
  152  9:30  Marine x2, Marauder x2  
  157  9:31  Medivac x2  
  157  9:36  Factory  
  161  9:47  Siege Tank  
  161  9:48  Marine  
  161  9:49  Marine x5  
  161  9:50  Marauder  
  161  9:51  Marauder  
  174  9:55  Terran Infantry Weapons Level 2  
  174  10:00  Marine  
  174  10:01  Medivac x2  
  174  10:06  Marine  
  180  10:11  Marine  
  180  10:12  Marine x2  
  168  10:18  Marine  
  168  10:19  Marauder, Marine x3  
  168  10:21  Marine x2  
  167  10:22  Factory Tech Lab  
  158  10:37  Marine  
  158  10:38  Marauder  
  158  10:42  Marine x3  
  133  10:43  Marauder  
  133  10:44  Marine x5  
  133  10:45  Medivac x2, Siege Tank x2, Marauder  
  133  10:47  Missile Turret  
  135  10:53  SCV, Marine  
  135  10:54  SCV, Marine  
  129  10:57  Planetary Fortress  
  129  10:59  Marauder  
  129  11:00  Marine  
  129  11:02  Marine x2  
  128  11:04  Marauder  
  128  11:06  Marine x2  
  128  11:09  SCV  
  117  11:14  Marine  
  117  11:15  Marauder, Marine  
  121  11:19  Marine  
  121  11:20  Marauder  
  121  11:21  Siege Tank x2  
  130  11:26  Marauder  
  128  11:36  Marine x2  
  128  11:39  Marine x2  
  131  11:40  Marine  
  132  11:47  Marine x2  
  132  11:48  Marine  
  132  11:51  Marine x2  
  137  11:55  Marine x2  
  139  12:02  Marine  
  140  12:09  Marine x2  
  140  12:10  Marauder  
  140  12:11  Marine  
  140  12:12  Marine x3  
  140  12:13  Marauder  
  149  12:21  Marine x2  
  149  12:22  Marauder  
  135  12:48  Marine x2  
  135  12:49  Marauder  
  109  12:51  Marine x5  
  109  12:52  Marauder, Marine  
  109  12:55  Marine  
  109  12:56  Marine  
Tags
 
Add a new tag
Caveats
  • Supply blocks, unpowered buildings, or Contaminate may cause inaccurate times.
  • Supply counts are checked every 10 seconds.